 Dungeon Crawl Stone Soup version 0.31-a0-202-g547052bce9 (webtiles) character file.

Game seed: 5956061873635601586

68 lunkers the Trooper (level 4, 0/41 HPs)
             Began as a Meteoran Wanderer on June 26, 2023.
             Splashed by a jelly's acid (9 damage)
             ... on level 3 of the Dungeon.
             The game lasted 00:02:56 (876 turns).

lunkers the Trooper (Meteoran Wanderer)              Turns: 876, Time: 00:02:57

Health: 0/41       AC: -1    Str: 16    XL:     4   Next: 68%
Magic:  7/7        EV:  9    Int: 11    God:
Gold:   95         SH:  5    Dex: 21    Spells: 5/5 levels left

rFire   . . .        b - +0 mace
rCold   . . .        (no shield)
rNeg    . . .        d - +0 scale mail
rPois   .            (no helmet)
rElec   .            (no cloak)
rCorr   .            (no gloves)
SInv    .            (no boots)
Will    .....        k - amulet of reflection
Stlth   +            j - +6 ring of dexterity
HPRegen 0.26/turn    (no ring)
MPRegen 0.10/turn

%: reflection
@: corroded, glowing
A: sense surroundings 1, otherworldly, glowing, explore regen
a: no special abilities


You were on level 3 of the Dungeon.
You visited 1 branch of the dungeon, and saw 3 of its levels.

You collected 95 gold pieces.

Inventory:

Hand Weapons
 a - a +0 dagger
 b - a +0 mace (weapon)
Missiles
 c - 2 datura-tipped darts
 g - an atropa-tipped dart
Armour
 d - a +0 scale mail (worn)
Jewellery
 j - a +6 ring of dexterity (left hand)
 k - an amulet of reflection (around neck)
Scrolls
 e - a scroll of vulnerability
 i - a scroll of poison {unknown}
 l - a scroll of identify
Potions
 f - 2 potions of attraction
 h - a potion of curing {unknown}


   Skills:
 - Level 4.5 Fighting
 + Level 3.1 Maces & Flails
 - Level 2.4 Armour
 - Level 1.4 Stealth
 - Level 1.3 Spellcasting
 - Level 1.1 Necromancy
 - Level 1.2 Evocations


You had 5 spell levels left.
You didn't know any spells.
Your spell library contained the following spells:

 Spells                   Type           Power      Damage    Failure   Level
 Sublimation of Blood     Necr           3%         N/A       71%         2
 Cigotuvi's Dreadful Rot  Necr/Pois/Air  2%         N/A       82%         2
 Ensorcelled Hibernation  Hex/Ice        0%         N/A       86%         2
 Spider Form              Tmut/Pois      0%         N/A       97%         3
 Tukima's Dance           Hex            0%         N/A       97%         3
 Anguish                  Hex/Necr       0%         N/A       100%        4
 Passage of Golubria      Tloc           0%         N/A       100%        4
 Fireball                 Conj/Fire      0%         3d3       100%        5
 Iskenderun's Battlesphe  Conj           0%         2d6       100%        5
 Yara's Violent Unravell  Hex/Tmut       0%         3d3       100%        5
 Conjure Ball Lightning   Conj/Air       0%         3x3d6     100%        6
 Orb of Destruction       Conj           0%         9d5       100%        7


Dungeon Overview and Level Annotations

Branches:
Dungeon (3/15) Zot: 898

Altars:


Innate Abilities, Weirdness & Mutations

You passively map a small area around you.
You are easily found by Zot.
You glow in the dark.
You regain HP and MP as you explore.


Message History

No target in view!
No target in view!
No target in view!
No target in view!
No target in view!
i - a scroll labelled ZOGRI HEMUOGA You see here a rat corpse.
Found a leather armour.
No target in view!
j - a +6 ring of dexterity You feel agile.
j - a +6 ring of dexterity (left hand)
Found an escape hatch in the floor.
No target in view!
You now have 86 gold pieces (gained 16).
You now have 95 gold pieces (gained 9).
l - a scroll of identify No target in view!
No target in view!
No target in view!
A jelly comes into view.
The jelly quivers.
You completely miss the jelly. The jelly hits you but does no damage.
You sock the jelly! The acid corrodes you!
Your hands burn!
The jelly is heavily wounded.
The jelly barely misses you. The jelly hits you.
You are splashed with acid!
You hit the jelly but do no damage.
Your hands burn!
The jelly is heavily wounded.
You block the jelly's attack.
You completely miss the jelly.
The jelly is heavily wounded.
The jelly hits you.
You are splashed with acid!
* * * LOW HITPOINT WARNING * * *
You sock the jelly! The acid corrodes you!
Your hands burn!
* * * LOW HITPOINT WARNING * * *
The jelly is almost dead.
The jelly hits you.
* * * LOW HITPOINT WARNING * * *
You are splashed with acid!
You die...

, * , , * * , * * * *
.... , ... *,*####. ,
**..#. , #.... , ,..#.
# #.##[#########....
#.##J##.##.........##
, *
*#...@...##...........
,
..####.###.........#,
.........##.#....†<.#
,
...####.............#
# * #...#.........#.##
, #.................
#.##.#.#####.##.##
#.##.#.# #.# .## ,
#......# ###.##..#


You could see a jelly.

Vanquished Creatures
  2 adders (D:2)
  2 worms (D:2)
  3 endoplasms
  6 goblins
  A hobgoblin (D:1)
  6 jackals
  3 quokkas
  2 ball pythons
  6 bats
  4 frilled lizards
  A kobold (D:1)
  8 rats
44 creatures vanquished.

Notes
Turn   | Place    | Note
-------+----------+-------------------------------------------
     0 | D:1      | lunkers the Meteoran Wanderer began the quest for the Orb.
     0 | D:1      | lunkers set off with the following items: a +0 dagger, an
                  | atropa-tipped dart, 2 datura-tipped darts, a +0 scale mail,
                  | a scroll of vulnerability; and the following spells
                  | available to memorise: Sublimation of Blood, Cigotuvi's
                  | Dreadful Rot.
     0 | D:1      | Reached XP level 1. HP: 19/19 MP: 3/3
    70 | D:1      | Reached XP level 2. HP: 21/27 MP: 5/5
   163 | D:1      | Reached skill level 4 in Fighting
   285 | D:1      | Reached XP level 3. HP: 29/33 MP: 6/6
   454 | D:2      | Reached skill level 1 in Maces & Flails
   610 | D:2      | Reached XP level 4. HP: 30/41 MP: 7/7
   876 | D:3      | Splashed by a jelly's acid

Illustrated notes

Levels and vault maps discovered:
D:1:      minmay_arrival_jagged, layout_loops_ring, minmay_indecisive_spiral
D:2:      layout_basic, minmay_misc_feat_chi, kennysheep_generic_room_5
D:3:      layout_loops_cross, nicolae_elevator_lobby_plus

Skill      XL: |  1  2  3  4 |
---------------+-------------+-----
Fighting       | 4 |  4.5
Maces & Flails | 1 3 |  3.1
Armour         | |  2.4
Stealth        | |  1.4
Spellcasting   | |  1.3
Necromancy     | |  1.1
Evocations     | |  1.2

Action                     |  1- 3 |  4- 6 || total
---------------------------+-------+-------++-------
  Melee: Dagger            |   136 |       ||   136
         Punch             |     2 |       ||     2
         Mace              |    38 |    48 ||    86
    Use: Scroll            |       |     2 ||     2
 Armour: Scale mail        |   116 |    24 ||   140
  Dodge: Dodged            |    73 |    25 ||    98
  Block: Other             |       |     2 ||     2

Table legend: (Time is in decaauts)
 A = Elapsed time spent in this place.
 B = Non-inter-level travel time spent in this place.
 C = Inter-level travel time spent in this place.
 D = Time resting spent in this place.
 E = Time spent auto-exploring this place.
 F = Levels seen in this place.
 G = Mean time per level.
                   A        B        C        D        E       F      G
               +--------+--------+--------+--------+--------+-----+--------+
         Total |    900 |    842 |     58 |      0 |    474 |   3 |  300.0 |
       Dungeon |    900 |    842 |     58 |      0 |    474 |   3 |  300.0 |
               +--------+--------+--------+--------+--------+-----+--------+

Top non-repeatable levels by time:
     D:1: 431 daAuts
     D:2: 408 daAuts
     D:3: 60 daAuts
